[Event "*** Titled Tuesday Blitz"]
[Site "Chess.com"]
[Date "2020.04.07"]
[Round "9"]
[White "AquivaRubinstein"]
[Black "Colombiano07"]
[Result "1-0"]
[WhiteElo "2372"]
[BlackElo "2240"]
[TimeControl "180+1"]
[EndTime "14:47:13 PDT"]
[Termination "AquivaRubinstein won by resignation"]

1. d4 d5 2. c4 Bf5 3. Nc3 e6 4. cxd5 exd5 5. Qb3 Nc6 6. Nf3 Bb4 7. Bd2 Nf6 8. e3 O-O 9. Bb5 Qd6 10.
O-O a6 11. Bxc6 bxc6 12. Nb5 cxb5 13. Bxb4 Qe6 14. Bxf8 Rxf8 15. Rac1 c6 16. Ne5 Rc8 17. Qa3 Ng4 18. Nxg4 Bxg4 19. Qxa6 Be2 20. Rfe1 Bd3 21. f3 h5 22. Kf2 h4 23. Red1 Bf5 24. Rc3 b4 25. Rc5 Qd6 26. Kg1 h3 27. g3 Bd7 28. Rdc1 Re8 29. Kf2 Qe6 30. Qd3 g5 31. Qd2 g4 32. a4 Qf5 33. Qe2 Ra8 34. e4 dxe4 35. Rxf5 1-0

[Event "*** Titled Tuesday Blitz"]
[Site "Chess.com"]
[Date "2020.04.07"]
[Round "9"]
[White "rugbyclub"]
[Black "m-garcett"]
[Result "1-0"]
[WhiteElo "2110"]
[BlackElo "1902"]
[TimeControl "180+1"]
[EndTime "14:47:14 PDT"]
[Termination "rugbyclub won by resignation"]

1. c4 Nf6 2. Nc3 g6 3. e4 d6 4.
d4 Bg7 5. f4 O-O 6. Nf3 c5 7.
d5 Bg4 8. h3 Bxf3 9. Qxf3 e6 10. dxe6 fxe6 11. Bd3 Nc6 12. O-O Nd4 13. Qf2 d5 14. e5 Nh5 15. g4 Nxf4 16. Bxf4 g5 17. cxd5 Rxf4 18. Qg2 Bxe5 19. dxe6 Nxe6 20. Rad1 Rd4 21.
Bc4 Qe7 22. Rde1 Rxc4 23. Qd5 Qd6 24. Qxc4 Re8 25. Ne4 Bd4+ 26. Kh1 Qc6 27. Kh2 Kg7 28.
Rf5 h6 29. Ng3 Nf4 30. Qf7+ Kh8 31. Rxe8+ 1-0

[Event "*** Titled Tuesday Blitz"]
[Site "Chess.com"]
[Date "2020.04.07"]
[Round "9"]
[White "Malev212"]
[Black "rynos0411"]
[Result "0-1"]
[WhiteElo "2549"]
[BlackElo "2416"]
[TimeControl "180+1"]
[EndTime "14:47:15 PDT"]
[Termination "rynos0411 won on time"]

1. d4 Nf6 2. Nc3 e6 3. e4 d5 4.
Bg5 dxe4 5. Nxe4 Be7 6. Bxf6 Bxf6 7. Nf3 O-O 8. Qd3 b6 9. h4 Ba6 10. Qe3 Bxf1 11. Rxf1 Nd7 12. O-O-O Bxh4 13. g4 Nf6 14. Ne5 Nxe4 15. Qxe4 Bf6 16. Rh1 g6 17. f4 Bxe5 18. dxe5 Qe7 19. Qe3 Rad8 20. Rdf1 f6 21. f5 exf5 22.
gxf5 fxe5 23. Qg3 Rf6 24. Qh4 Rdf8 25. Rfg1 Qg7 26. fxg6 Rxg6 27. Qc4+ Qf7 28. Rxg6+ hxg6 29. Qd3 Kg7 30. Kb1 Rh8 31. Re1 Re8 32. b3 Qf5 33. Re4 Re7 34. Qe2 g5 35. a4 Kg6 36.
Kb2 a5 37. Qd3 g4 38. Rxg4+ Kf6 39. Qg3 Ke6 0-1

[Event "*** Titled Tuesday Blitz"]
[Site "Chess.com"]
[Date "2020.04.07"]
[Round "9"]
[White "kleopl"]
[Black "StarkAst"]
[Result "1-0"]
[WhiteElo "2395"]
[BlackElo "2560"]
[TimeControl "180+1"]
[EndTime "14:47:15 PDT"]
[Termination "kleopl won by resignation"]

1. c4 e6 2. Nc3 d5 3. d4 c6 4.
Nf3 Nf6 5. cxd5 exd5 6. Bg5 Be7 7. e3 Bf5 8. Bd3 Bxd3 9. Qxd3 Nbd7 10. O-O O-O 11.
Rab1 a5 12. a3 Ne4 13. Bf4 f5 14. Rfc1 Ndf6 15. Na4 b5 16. Nc3 Qe8 17. Be5 Ng4 18.
Nd1 Rc8 19. h3 Nxe5 20. Nxe5 Bd6 21. Nf3 f4 22. Rc2 fxe3 23. Qxe3 Qg6 24. Qd3 Rf6 25.
Rbc1 Rcf8 26. Ne5 Qf5 27. f3 Bxe5 28. dxe5 Qxe5 29. fxe4 dxe4 30. Qb3+ Kh8 31. Ne3 Qg3 32. Rxc6 Rf2 33. Rc8 h6 34. Rxf8+ Rxf8 35. Qc3 Qf2+ 36. Kh1 Rd8 37. Rf1 Qe2 38. Rf7 Rg8 39. Ng4 Qd1+ 40.
Kh2 Qd6+ 41. Qe5 Qg6 42. Re7 b4 43. Qxe4 Qd6+ 44. Qe5 Qb6 45. Re6 1-0

[Event "*** Titled Tuesday Blitz"]
[Site "Chess.com"]
[Date "2020.04.07"]
[Round "9"]
[White "lachesisQ"]
[Black "Micki-taryan"]
[Result "1/2-1/2"]
[WhiteElo "3145"]
[BlackElo "3099"]
[TimeControl "180+1"]
[EndTime "14:47:16 PDT"]
[Termination "Game drawn by repetition"]

1. c4 e5 2. Nc3 Nf6 3. Nf3 Nc6 4. e4 g6 5. d4 exd4 6. Nxd4 Bg7 7. Nxc6 dxc6 8.
Qxd8+ Kxd8 9. f3 Be6 10. Bg5 Kc8 11. O-O-O Nd7 12. Bd2 a5 13. Na4 b6 14. Be2 Kb7 15.
f4 Bd4 16. g3 c5 17. Bc3 Bxc3 18. Nxc3 Nb8 19. e5 Nc6 20. Bf3 Bxc4 21. Rd7 Rhd8 22. Rhd1 Rxd7 23. Rxd7 Be6 24. Re7 Rd8 25. Nb5 Rd7 26.
Re8 Bd5 27. Bxd5 Rxd5 28. Rf8 Rd7 29. Nc3 Nd4 30. Ne4 Ne6 31. Rh8 h5 32. Nf6 Rd3 33. Rh7 Nd8 34. Ne4 Kc6 35. Ng5 Rd7 36. Ne4 c4 37. a4 f5 38. Rxd7 Kxd7 39. Nd2 Ne6 40. Nxc4 Nc5 41. Nd2 Nxa4 42. Nf3 Ke7 43. Kc2 Nc5 44.
Nd4 Ne6 45. Nc6+ Kd7 46. Nb8+ Kc8 47. Nc6 Kd7 48. Nb8+ Kc8 49. Nc6 Kd7 1/2-1/2

[Event "*** Titled Tuesday Blitz"]
[Site "Chess.com"]
[Date "2020.04.07"]
[Round "9"]
[White "fireheart92"]
[Black "VitaliyBernadskiy"]
[Result "0-1"]
[WhiteElo "2864"]
[BlackElo "2744"]
[TimeControl "180+1"]
[EndTime "14:47:16 PDT"]
[Termination "VitaliyBernadskiy won on time"]

1. d4 Nf6 2. c4 g6 3. h4 c5 4.
d5 b5 5. cxb5 a6 6. e3 axb5 7.
Bxb5 Qa5+ 8. Nc3 Ba6 9. Be2 Ne4 10. Bd2 Nxd2 11. Qxd2 Bg7 12. h5 O-O 13. Nf3 Bxe2 14.
Kxe2 d6 15. hxg6 hxg6 16. Rh4 Nd7 17. Rah1 Rfb8 18. Ng5 Ne5 19. Ra4 Qb6 20. Rxa8 Rxa8 21. b3 Qa6+ 22. Kd1 Nd3 23. Nge4 c4 24. b4 Nxb4 25.
a4 Nd3 26. Ke2 Rb8 27. Rb1 Rxb1 28. Nxb1 Qxa4 29. Nbc3 Qa1 30. Kf3 f5 31. Ng5 Bxc3 32. Qe2 Qe1 33. Qa2 Qd1+ 34. Kg3 Qg4+ 0-1

[Event "*** Titled Tuesday Blitz"]
[Site "Chess.com"]
[Date "2020.04.07"]
[Round "9"]
[White "DrVelja"]
[Black "Kimster98"]
[Result "1-0"]
[WhiteElo "2644"]
[BlackElo "2501"]
[TimeControl "180+1"]
[EndTime "14:47:16 PDT"]
[Termination "DrVelja won on time"]

1. e4 e5 2. Nf3 Nc6 3. Bb5 Nf6 4.
d3 Bc5 5. Bxc6 dxc6 6. Nbd2 Be6 7. O-O Nd7 8. Nb3 Bd6 9. Na5 Rb8 10. Ng5 Nf8 11. Qh5 g6 12. Qh6 f6 13. Nxe6 Nxe6 14. Nc4 Bf8 15. Qh3 Qd7 16. Be3 c5 17. g3 Nd4 18.
Qxd7+ Kxd7 19. Bxd4 cxd4 20. f4 Ke6 21. a4 b6 22. Rf3 Be7 23. Raf1 Rbf8 24. h4 Rhg8 25. Kh2 Bb4 26. f5+ Ke7 27. g4 g5 28. Rh3 h6 29.
Kg2 Rh8 30. Rfh1 Rfg8 31. hxg5 Rxg5 32. Kf3 Kf7 33. Rxh6 Rxh6 34. Rxh6 Kg7 35. Rh1 Kg8 36. b3 Rg7 37. Rh6 Be7 38. Nd2 a6 39. Nf1 b5 40.
axb5 axb5 41. Ng3 c5 42. Nh5 Rf7 43. g5 fxg5 44. Kg4 Bd8 45. Rd6 Be7 46. Rb6 b4 47. Rb7 1-0

[Event "*** Titled Tuesday Blitz"]
[Site "Chess.com"]
[Date "2020.04.07"]
[Round "9"]
[White "wnstop"]
[Black "Taabling"]
[Result "1-0"]
[WhiteElo "2593"]
[BlackElo "2328"]
[TimeControl "180+1"]
[EndTime "14:47:17 PDT"]
[Termination "wnstop won on time"]

1. e4 e5 2. Nf3 d5 3. exd5 Bd6 4. d4 e4 5. Ne5 Nf6 6. Be2 O-O 7. Bg5 h6 8. Bh4 Re8 9. c4 c5 10. dxc6 Nxc6 11.
Nxc6 bxc6 12. Nc3 e3 13. fxe3 Rxe3 14. Bf2 Re8 15. O-O Qc7 16. g3 Bh3 17. Re1 Rad8 18. Bf3 h5 19. Rxe8+ Rxe8 20. c5 Bf8 21. Qd2 Ng4 22.
Re1 Qc8 23. Rxe8 Qxe8 24. Qe2 Qd7 25. Qe4 Nxf2 26. Kxf2 g6 27. b4 Bg7 28. Ne2 Be6 29.
a4 a5 30. b5 cxb5 31. c6 Qc8 32. axb5 a4 33. b6 a3 34. b7 Qb8 35. Qf4 Qxf4 36. gxf4 a2 37. b8=Q+ Kh7 38. Qb2 Bc4 39. c7 Be6 40.
Bb7 1-0

[Event "*** Titled Tuesday Blitz"]
[Site "Chess.com"]
[Date "2020.04.07"]
[Round "9"]
[White "elohunter1999"]
[Black "kasparicy"]
[Result "1/2-1/2"]
[WhiteElo "2471"]
[BlackElo "2343"]
[TimeControl "180+1"]
[EndTime "14:47:18 PDT"]
[Termination "Game drawn by repetition"]

1. e4 c5 2. Nf3 d6 3. d4 cxd4 4. Nxd4 Nf6 5. Nc3 a6 6. Bg5 Nbd7 7. Bc4 e6 8. Qd2 Qb6 9. Bb3 Be7 10. O-O-O O-O 11.
g3 Nc5 12. Bxf6 Bxf6 13. f4 Qc7 14. g4 b5 15. g5 Bxd4 16. Qxd4 Bb7 17. h4 Rac8 18.
h5 Nxb3+ 19. axb3 Rfd8 20. h6 e5 21. Qf2 b4 22. hxg7 bxc3 23. Qh2 cxb2+ 24. Kb1 Bxe4 25.
Rd2 Qc3 26. Rf2 Qxb3 27. f5 Qxc2+ 28. Rxc2 Bxf5 29. Qf2 Bg6 30. Qf6 Bxc2+ 31. Kxb2 Bg6 32. Ka2 d5 33. Qxe5 d4 34. Qf6 d3 35. Rc1 Re8 36. Rxc8 Rxc8 37. Qd4 a5 38. Ka3 Re8 39. Kb2 Re2+ 40.
Ka3 Re8 41. Kb2 Re6 42. Ka3 Re8 1/2-1/2

[Event "*** Titled Tuesday Blitz"]
[Site "Chess.com"]
[Date "2020.04.07"]
[Round "9"]
[White "benko_008"]
[Black "mshuaau0"]
[Result "1/2-1/2"]
[WhiteElo "2387"]
[BlackElo "2220"]
[TimeControl "180+1"]
[EndTime "14:47:20 PDT"]
[Termination "Game drawn by repetition"]

1. Nf3 d5 2. d4 e6 3. c4 Nf6 4. e3 Be7 5. Nbd2 O-O 6. b3 c5 7.
Bb2 b6 8. g3 Bb7 9. Bg2 Nc6 10.
O-O cxd4 11. exd4 Rc8 12. Qe2 dxc4 13. bxc4 Ba6 14. Rac1 Na5 15. Ne5 Nd7 16. Ng4 Bb4 17. Ne3 Bxd2 18. Qxd2 Nxc4 19. Nxc4 Bxc4 20. Rfe1 Nf6 21.
d5 Bxd5 22. Rxc8 Qxc8 23. Bxf6 gxf6 24. Bxd5 exd5 25. Qxd5 Re8 26. Rxe8+ Qxe8 27. Qb7 Qa4 28. Qd5 Kg7 29. h4 a6 30. h5 Qb5 31. Qf3 Qg5 32.
Qe2 b5 33. a4 Kh6 34. axb5 axb5 35. Qe8 Qxh5 36. Qf8+ Kg6 37. Qg8+ Kh6 38. Qf8+ Kg6 39. Qg8+ Kf5 40. Qc8+ Kg6 41. Qg8+ 1/2-1/2

[Event "*** Titled Tuesday Blitz"]
[Site "Chess.com"]
[Date "2020.04.07"]
[Round "9"]
[White "ChadBiryani"]
[Black "DinaBelenkaya"]
[Result "1-0"]
[WhiteElo "2361"]
[BlackElo "2232"]
[TimeControl "180+1"]
[EndTime "14:47:20 PDT"]
[Termination "ChadBiryani won by resignation"]

1. b3 d5 2. Bb2 Nf6 3. g3 c6 4. Bg2 Bf5 5. Nf3 Nbd7 6. O-O h6 7. d3 e6 8. Re1 Bd6 9. Nbd2 O-O 10. e4 dxe4 11.
dxe4 Bg4 12. e5 Bc5 13. exf6 Nxf6 14. Ne4 Nxe4 15. Rxe4 Bf5 16. Re1 Qb6 17. Qe2 a5 18. Ne5 Qc7 19. Rad1 Bd6 20. Nc4 Bc5 21. Be5 Qe7 22. Bd6 Bxd6 23. Nxd6 Bg6 24. Be4 Bxe4 25. Nxe4 a4 26. Qc4 Ra5 27. b4 Rd5 28. Nc5 Rh5 29. Rd7 Qg5 30. Rxb7 Qf5 31. Qe4 Qh3 32.
Qg2 Qf5 33. g4 Qxc2 34. gxh5 Qd2 35. Qe4 Qxa2 1-0

[Event "*** Titled Tuesday Blitz"]
[Site "Chess.com"]
[Date "2020.04.07"]
[Round "9"]
[White "vova-79"]
[Black "imdarealist"]
[Result "1-0"]
[WhiteElo "2408"]
[BlackElo "2228"]
[TimeControl "180+1"]
[EndTime "14:47:21 PDT"]
[Termination "vova-79 won by checkmate"]

1. d4 d5 2. c4 e6 3. Nc3 Nf6 4. Nf3 Be7 5. Bf4 O-O 6. e3 a6 7. cxd5 exd5 8. Qc2 Bd6 9. Bg5 c6 10. Bd3 h6 11. Bh4 Bg4 12. Ne5 Be6 13. O-O Nbd7 14. f4 Nb6 15. Kh1 Be7 16. h3 Ne8 17. Bxe7 Qxe7 18. g4 Qh4 19. Kg2 Nd6 20. f5 Bc8 21. f6 Nbc4 22. Bxc4 Nxc4 23. Nxc4 dxc4 24. fxg7 Re8 25. Rf3 Be6 26. Raf1 Rad8 27. Kh2 Kxg7 28. Qe4 Qe7 29. Qe5+ Kg8 30. Ne4 Bd5 31. Nf6+ Kf8 32.
Qh5 Qd6+ 33. Rf4 Kg7 34. g5 hxg5 35. Qxg5+ Kf8 36. Nh7# 1-0

[Event "*** Titled Tuesday Blitz"]
[Site "Chess.com"]
[Date "2020.04.07"]
[Round "9"]
[White "Paralinch"]
[Black "Rsnr"]
[Result "1-0"]
[WhiteElo "2955"]
[BlackElo "2837"]
[TimeControl "180+1"]
[EndTime "14:47:22 PDT"]
[Termination "Paralinch won by resignation"]

1. e4 c6 2. d4 d5 3. Nd2 dxe4 4. Nxe4 Bf5 5. Ng3 Bg6 6. h4 h6 7. Nf3 Nd7 8. h5 Bh7 9. Bd3 Bxd3 10. Qxd3 e6 11. Bd2 Ngf6 12. O-O-O Be7 13. Kb1 O-O 14. Ne4 c5 15. g4 Nxg4 16. Qe2 f5 17. Nxc5 Nxc5 18.
dxc5 Qc8 19. Nd4 Bxc5 20. Qxe6+ Rf7 21. Qd5 Nxf2 22. Ne6 Nxh1 23. Nxg7 Kxg7 24. Bc3+ Kf8 25. Rxh1 Qc6 26. Qd1 Re8 27. Rf1 f4 28. Rf3 Qe4 29. a3 Qe2 30. Qd5 b6 31. b4 Qe6 32.
Qd3 Be3 33. Rf1 Qf5 34. Qd6+ Ree7 35. Qd8+ Re8 36. Qd6+ Rfe7 37. Qxh6+ Kf7 38. Rd1 Rg8 39. Rd6 Rg1+ 40. Kb2 Rb1+ 41. Kxb1 Re6 42. Qg7+ Ke8 43. Qd7+ Kf8 44. Qxe6 1-0

[Event "*** Titled Tuesday Blitz"]
[Site "Chess.com"]
[Date "2020.04.07"]
[Round "9"]
[White "iaraldinho"]
[Black "Moon_stone123"]
[Result "1-0"]
[WhiteElo "2642"]
[BlackElo "2499"]
[TimeControl "180+1"]
[EndTime "14:47:22 PDT"]
[Termination "iaraldinho won by resignation"]

1. e4 c5 2. Nf3 d6 3. d4 cxd4 4. Nxd4 Nf6 5. Nc3 g6 6. Be2 Bg7 7. Be3 O-O 8. O-O Nc6 9. Kh1 d5 10. exd5 Nxd5 11. Nxd5 Qxd5 12. Bf3 Qd7 13. Nxc6 bxc6 14.
c3 Qxd1 15. Raxd1 Rb8 16. b3 Bxc3 17. Bxa7 Ra8 18. Bc5 Bf6 19. a3 Be6 20. b4 Rxa3 21. Bxc6 Rc8 22. Bb7 Rb8 23. Bc6 Rc8 24. b5 Rb3 25.
Rb1 Rc3 26. Rfc1 Bc4 27. Rxc3 Bxc3 28. Bxe7 Bd4 29. f4 Be3 30. Bd6 Rd8 31. Be5 Bb6 32. h4 Rd2 33. Ra1 f5 34. Kh2 Bd3 35. Bd5+ Kf8 36. Bf6 Bxb5 37. Ra8+ Be8 38. Bc6 Re2 39. Be5 Bc5 40. Rxe8+ Kf7 41. Rh8 h5 42. Bd5+ Ke7 43.
Rh7+ Ke8 44. Bf7+ Kd8 45. Bxg6 Bf2 46. Bxh5 Bxh4 47. Bxe2 1-0

[Event "*** Titled Tuesday Blitz"]
[Site "Chess.com"]
[Date "2020.04.07"]
[Round "9"]
[White "SergioGarciaFuentes"]
[Black "cuprichanin"]
[Result "0-1"]
[WhiteElo "2185"]
[BlackElo "2308"]
[TimeControl "180+1"]
[EndTime "14:47:23 PDT"]
[Termination "cuprichanin won on time"]

1. Nf3 f5 2. d3 Nf6 3. e4 fxe4 4. dxe4 Nxe4 5. Bd3 Nf6 6. Ng5 g6 7. h4 e5 8. h5 e4 9. Nxe4 Nxe4 10. Bxe4 Qe7 11. Nc3 Bg7 12. O-O c6 13. Re1 Kd8 14. Bf4 g5 15.
Bd6 Qf6 16. Qd3 Bf8 17. Bg3 Bc5 18. Rad1 Rf8 19. Bf3 Be7 20. Ne4 Qg7 21. Nd6 g4 22.
Nf5 Rxf5 23. Qxf5 gxf3 24. Qxf3 d6 25. Qd3 Qf8 26. c4 Na6 27. Qxh7 Nc5 28. h6 Bf5 29. Qg7 Qxg7 30. hxg7 Kd7 31. b4 Ne6 0-1

[Event "*** Titled Tuesday Blitz"]
[Site "Chess.com"]
[Date "2020.04.07"]
[Round "9"]
[White "Semen_Khanin"]
[Black "Jumbo"]
[Result "1/2-1/2"]
[WhiteElo "2659"]
[BlackElo "2805"]
[TimeControl "180+1"]
[EndTime "14:47:24 PDT"]
[Termination "Game drawn by repetition"]

1. e4 g6 2. d4 Bg7 3. Nf3 d6 4. Be3 c6 5. Bd3 Nf6 6. h3 e5 7. dxe5 dxe5 8. O-O Nbd7 9. Nbd2 O-O 10. a4 Qe7 11. a5 Nc5 12. Nc4 Nfxe4 13. Re1 Rd8 14.
Bxc5 Nxc5 15. Nfxe5 Be6 16. Qf3 Nxd3 17. Nxd3 Qc7 18.
Nce5 Rd5 19. Ng4 Rxa5 20. Rxa5 Qxa5 21. Nf6+ Kh8 22. g4 Rd8 23. Re5 Qc7 24. g5 a5 25. Re4 Qd6 26. Rh4 Bxf6 27. Qxf6+ Kg8 28. Ne5 Re8 29. Ng4 Qd1+ 30. Kh2 Bxg4 31. Rxh7 Kxh7 32.
Qxf7+ Kh8 33. Qxe8+ Kg7 34. Qe7+ Kg8 35. Qe8+ Kg7 36.
Qe5+ Kg8 37. Qe8+ Kg7 1/2-1/2

[Event "*** Titled Tuesday Blitz"]
[Site "Chess.com"]
[Date "2020.04.07"]
[Round "9"]
[White "INLOVEWITHF"]
[Black "StephenDedalus83"]
[Result "1/2-1/2"]
[WhiteElo "2565"]
[BlackElo "2734"]
[TimeControl "180+1"]
[EndTime "14:47:24 PDT"]
[Termination "Game drawn - insufficient material"]

1. e4 g6 2. d4 Bg7 3. Nc3 d6 4. f4 a6 5. Nf3 b5 6. Bd3 Bb7 7.
O-O c5 8. dxc5 dxc5 9. e5 Nh6 10. Be4 Qc8 11. Bxb7 Qxb7 12. Qd5 Qc6 13. Be3 b4 14. Rad1 O-O 15. Qxc6 Nxc6 16. Nd5 c4 17. Nd4 Nxd4 18. Nxe7+ Kh8 19. Bxd4 Rfe8 20. Nd5 Rab8 21. c3 bxc3 22. Bxc3 Nf5 23. g4 Ne7 24. Nf6 Red8 25.
Rxd8+ Rxd8 26. Ne4 Nc8 27. Kf2 Nb6 28. Nd6 Kg8 29. Ba5 Rb8 30. Bxb6 Rxb6 31. Nxc4 Rc6 32. b3 Bf8 33. Kf3 Bb4 34. Rd1 Kf8 35. Ke4 Ke7 36. f5 gxf5+ 37. gxf5 Rh6 38. a3 Bc5 39. Kd5 Bf2 40. Rd2 Rxh2 41. Kc6 Bg3 42. Rxh2 Bxh2 43. Kb6 h5 44. Kxa6 Bg1 45. Kb7 h4 46. Nd2 h3 47. Nf3 h2 48. Nxh2 Bxh2 49. e6 fxe6 50. fxe6 Kxe6 51. Kc6 Bd6 52. a4 Bb4 53. Kb5 Bd2 54.
a5 Kd7 55. Kb6 Kc8 56. a6 Kb8 57. Kb5 Ka7 58. b4 Be3 59. Ka5 Bb6+ 60. Kb5 Bd8 61. Kc6 Kxa6 62. b5+ Ka5 63. b6 Bxb6 1/2-1/2

[Event "*** Titled Tuesday Blitz"]
[Site "Chess.com"]
[Date "2020.04.07"]
[Round "9"]
[White "boasovietica"]
[Black "vinniethepooh"]
[Result "0-1"]
[WhiteElo "2447"]
[BlackElo "2616"]
[TimeControl "180+1"]
[EndTime "14:47:24 PDT"]
[Termination "vinniethepooh won on time"]

1. e4 c5 2. Nf3 d6 3. Nc3 Nf6 4.
Bb5+ Bd7 5. Bxd7+ Qxd7 6. O-O Nc6 7. d4 cxd4 8. Nxd4 g6 9. Re1 Bg7 10. Nxc6 bxc6 11. Bf4 Nh5 12. Be3 O-O 13. Bd4 e5 14. Be3 Nf4 15. Bxf4 exf4 16. Qd3 Rab8 17. b3 Qe6 18. Rad1 Rfd8 19. Ne2 Be5 20. Nd4 Qc8 21. Qc4 Rb6 22. Nf3 Qc7 23. Nxe5 dxe5 24. Rd3 Rxd3 25. Qxd3 c5 26. Rd1 c4 27. Qc3 Rd6 28. Rxd6 Qxd6 29. h3 cxb3 30. cxb3 a6 31. Kh2 h5 32. Qc4 Kg7 33. h4 Qd2 34. Qxa6 Qxf2 35. Qb5 Qxh4+ 36. Kg1 Qe1+ 37. Kh2 Qg3+ 38. Kg1 Qe1+ 39. Kh2 Qxe4 40. a4 Qe3 41. a5 Qg3+ 42. Kh1 f3 43. gxf3 Qxf3+ 44. Kh2 Qf2+ 45. Kh1 Qf3+ 46. Kh2 Qf4+ 47. Kh1 h4 48. a6 h3 49. Qb7 e4 50. Qb5 Qf3+ 0-1

[Event "*** Titled Tuesday Blitz"]
[Site "Chess.com"]
[Date "2020.04.07"]
[Round "9"]
[White "nihalsarin"]
[Black "gena217"]
[Result "1/2-1/2"]
[WhiteElo "3071"]
[BlackElo "2945"]
[TimeControl "180+1"]
[EndTime "14:47:25 PDT"]
[Termination "Game drawn by agreement"]

1. d4 Nf6 2. Bf4 d5 3. e3 c5 4. c3 Nc6 5. Nd2 Bf5 6. Ngf3 e6 7. Bb5 Nd7 8. O-O a6 9. Bxc6 bxc6 10. Qa4 Qb6 11. Qb3 c4 12. Qxb6 Nxb6 13. Rfc1 h6 14.
a4 a5 15. Bc7 Ra6 16. b3 cxb3 17. Nxb3 Nc4 18. Ne5 Nxe5 19. dxe5 Kd7 20. Bxa5 c5 21.
c4 Bd3 22. cxd5 c4 23. d6 Bxd6 24. exd6 cxb3 25. Bc3 f6 26. Bb2 Rxd6 27. Rd1 Ra8 28. a5 Bc2 29. Rxd6+ Kxd6 30. Kf1 Kc5 31. Ke1 Kb5 32.
Kd2 Rxa5 33. Rxa5+ Kxa5 34. f3 Kb4 35. Bc3+ Kc4 36. Bb2 f5 37. Bxg7 h5 38. h4 Kd5 39.
Bb2 e5 40. f4 exf4 41. exf4 Be4 42. g3 1/2-1/2

[Event "*** Titled Tuesday Blitz"]
[Site "Chess.com"]
[Date "2020.04.07"]
[Round "9"]
[White "english_player_89"]
[Black "Oleg_Papayan"]
[Result "1-0"]
[WhiteElo "2507"]
[BlackElo "2351"]
[TimeControl "180+1"]
[EndTime "14:47:25 PDT"]
[Termination "english_player_89 won by resignation"]

1. e4 c6 2. d4 d5 3. Nc3 dxe4 4. Nxe4 Bf5 5. Ng3 Bg6 6. Nh3 Nf6 7. Nf4 e5 8. dxe5 Qa5+ 9. c3 Qxe5+ 10. Be2 Nbd7 11.
O-O Bc5 12. Nd3 Bxd3 13. Bxd3 O-O-O 14. Qa4 Nb6 15. Qc2 Nbd5 16. b4 Bb6 17. Bb2 Nf4 18.
Bf5+ Kb8 19. c4 Bd4 20. Rae1 Qc7 21. Bc1 Rhe8 22. Rxe8 Rxe8 23. Rd1 g6 24. Rxd4 Re1+ 25. Nf1 Rxc1 26. Qd2 Qe5 27. Rd8+ Kc7 28. Rc8+ Kb6 29. c5+ Ka6 30. Bd3+ b5 31. cxb6+ Kb7 32. Qxc1 Kxc8 33.
Qxc6+ Kd8 34. bxa7 Nd7 35. a8=Q+ Ke7 36. Qe4 f6 37. Qxe5+ Nxe5 38. Be4 Ng4 39. Qb7+ Kf8 40. Qb8+ Kg7 41. Qxf4 Ne5 42. Qxe5 fxe5 43. b5 1-0

[Event "*** Titled Tuesday Blitz"]
[Site "Chess.com"]
[Date "2020.04.07"]
[Round "9"]
[White "Parhamov"]
[Black "GOGIEFF"]
[Result "1-0"]
[WhiteElo "3089"]
[BlackElo "2938"]
[TimeControl "180+1"]
[EndTime "14:47:27 PDT"]
[Termination "Parhamov won on time"]

1. e4 c5 2. Nf3 d6 3. d4 cxd4 4. Nxd4 Nf6 5. Nc3 a6 6. h3 Nc6 7. g4 Qb6 8. Nb3 e6 9. g5 Nd7 10. h4 Qc7 11. Bf4 b5 12. a3 Rb8 13. h5 Nb6 14.
Qf3 Ne5 15. Qg3 Na4 16. h6 Nxb2 17. Bxe5 dxe5 18. hxg7 Bxg7 19. Be2 Bb7 20. Rh3 Rd8 21.
Qh2 Na4 22. Nxa4 bxa4 23. Nd2 Qxc2 24. Rd1 Bxe4 25. Nxe4 Rxd1+ 26. Bxd1 Qxe4+ 27. Re3 Qd4 28. Qh5 O-O 29. Bc2 Rc8 30. Qxh7+ Kf8 31. Qe4 Qa1+ 32.
Bd1 Qc1 33. Qxa4 Rd8 34. Qc2 Qa1 35. Rd3 Rb8 36. Qc7 Re8 37. Rd7 e4 38. Rxf7+ Kg8 39.
Qd7 Qc3+ 40. Kf1 Qd3+ 41. Qxd3 exd3 42. Rd7 1-0

[Event "*** Titled Tuesday Blitz"]
[Site "Chess.com"]
[Date "2020.04.07"]
[Round "9"]
[White "Shield12"]
[Black "Volodar_Murzin"]
[Result "1-0"]
[WhiteElo "2924"]
[BlackElo "2701"]
[TimeControl "180+1"]
[EndTime "14:47:27 PDT"]
[Termination "Shield12 won by resignation"]

1. e4 c6 2. d4 d5 3. Nc3 e6 4. a3 Nf6 5. e5 Nfd7 6. f4 g6 7. Nf3 h5 8. Be3 Be7 9. g3 c5 10. Qd2 Nc6 11. dxc5 Bxc5 12. Bxc5 Nxc5 13. O-O-O Qe7 14.
Nd4 a6 15. Bg2 Bd7 16. Bxd5 O-O 17. Bxc6 bxc6 18. Nb3 Nxb3+ 19. cxb3 Rfd8 20. Qd6 Kf8 21. Ne4 Be8 22. Qxe7+ Kxe7 23. Rxd8 Rxd8 24. Rd1 Rb8 25. b4 Rb5 26. Kc2 g5 27. Nxg5 c5 28. Kc3 cxb4+ 29.
axb4 a5 30. bxa5 Rc5+ 31. Kd2 Rxa5 32. Rc1 Rb5 33. Rc7+ Kd8 34. Rc2 Rb3 35. Kc1 Re3 36.
Rc3 Re2 37. h4 Rg2 38. Kb1 Ke7 39. Rc7+ Kd8 40. Rc3 Ke7 41. Ka2 Kd8 42. Ka3 Rg1 43.
Ne4 Ra1+ 44. Kb3 Ba4+ 45. Kb4 Bd1 46. b3 Bg4 47. Nd6 Ra7 48. Rc8+ Ke7 49. Rb8 Bf3 50. Nc8+ 1-0

[Event "*** Titled Tuesday Blitz"]
[Site "Chess.com"]
[Date "2020.04.07"]
[Round "9"]
[White "Olga_Girya"]
[Black "WPWPWP-2015"]
[Result "1-0"]
[WhiteElo "2552"]
[BlackElo "2394"]
[TimeControl "180+1"]
[EndTime "14:47:27 PDT"]
[Termination "Olga_Girya won by checkmate"]

1. d4 Nf6 2. c4 e6 3. Nf3 b6 4. g3 Ba6 5. b3 Bb4+ 6. Bd2 Be7 7. Nc3 Bb7 8. Bg2 O-O 9. O-O d5 10. cxd5 exd5 11. Bc1 Nbd7 12. Ne5 Rc8 13. Bb2 a6 14. Bh3 Re8 15. Rc1 Rb8 16. Qd3 Nf8 17. Bg2 Ne6 18. e3 Bd6 19. f4 c5 20. a4 cxd4 21. exd4 Nxd4 22. Nxd5 Bxd5 23. Bxd5 Bxe5 24. fxe5 Nxd5 25. Qxd4 Ne7 26. Qf4 Qd5 27. e6 f6 28. Bxf6 Qxe6 29. Bxe7 Qxe7 30. Rc7 Qe3+ 31. Qxe3 Rxe3 32. Rff7 Rxb3 33.
Rxg7+ Kf8 34. Rxh7 Kg8 35. Rcg7+ Kf8 36. Ra7 Kg8 37.
Kg2 Rc8 38. Rhe7 Rc2+ 39. Kh3 Rc8 40. Rxa6 Rb4 41. Rb7 Rc6 42. Ra8+ Rc8 43. Rxc8# 1-0

[Event "*** Titled Tuesday Blitz"]
[Site "Chess.com"]
[Date "2020.04.07"]
[Round "9"]
[White "Mops_2004"]
[Black "rpragchess"]
[Result "1-0"]
[WhiteElo "2588"]
[BlackElo "2790"]
[TimeControl "180+1"]
[EndTime "14:47:28 PDT"]
[Termination "Mops_2004 won by resignation"]

1. Nf3 Nf6 2. g3 g6 3. Bg2 Bg7 4. c4 O-O 5. O-O d6 6. d4 Nbd7 7. Nc3 e5 8. e4 c6 9. h3 exd4 10. Nxd4 Re8 11. Be3 Nc5 12. Qc2 Qe7 13. Rfe1 a5 14.
Rad1 Bd7 15. Nb3 Nxb3 16. axb3 Be6 17. Bf4 Red8 18. Qc1 Qf8 19. g4 Rac8 20. Qe3 Rd7 21. Na4 Re8 22. Qg3 d5 23. cxd5 cxd5 24. Nb6 Rde7 25.
Bd6 Nxe4 26. Bxe4 dxe4 27. Bxe7 Qxe7 28. Rxe4 Rd8 29. Rde1 Qc5 30. Nc4 b5 31. Ne5 Bd5 32. R4e3 Be6 33. Nd3 Qd4 34. Nf4 Bd7 35. Rd3 Qxb2 36.
Red1 Be5 37. Qe3 f6 38. Rxd7 Rxd7 39. Rxd7 a4 40. bxa4 bxa4 41. Rd8+ Kg7 42. Ne6+ Kf7 43. Qa7+ 1-0

[Event "*** Titled Tuesday Blitz"]
[Site "Chess.com"]
[Date "2020.04.07"]
[Round "9"]
[White "WelshTiger"]
[Black "HrvojeZagreb"]
[Result "1-0"]
[WhiteElo "2412"]
[BlackElo "2135"]
[TimeControl "180+1"]
[EndTime "14:47:28 PDT"]
[Termination "WelshTiger won on time"]

1. e4 e6 2. d4 d5 3. Nd2 dxe4 4. Nxe4 Nd7 5. c3 Ngf6 6. Nxf6+ Nxf6 7. g3 Bd6 8. Bg2 O-O 9. Nf3 Rb8 10. O-O b6 11. Ne5 Bxe5 12. dxe5 Nd7 13. Qe2 Bb7 14. Bxb7 Rxb7 15.
Rd1 Qe7 16. c4 Rd8 17. b3 Nf8 18. Bb2 c5 19. h4 Rbd7 20. Kh2 Rxd1 21. Rxd1 Rxd1 22.
Qxd1 Qd7 23. Qe2 h6 24. Bc3 Qc6 25. Qd3 Nd7 26. Qe3 Nb8 27. Qd3 Qd7 28. Qxd7 Nxd7 29. Kg2 h5 30. Kf3 Kh7 31. Ke4 Kg6 32. f3 Nb8 33. a3 a5 34. Bd2 Nc6 35. Be3 f5+ 36.
exf6 gxf6 37. g4 a4 38. bxa4 Na5 39. Kd3 e5 40. Bd2 1-0